 Dungeon Crawl Stone Soup version 0.23-a0-650-ga4d50d4d25 (webtiles) character file.

9 Morenatsu the Skirmisher (level 2, 16/24 HPs)
             Began as a Demonspawn Berserker on Jan 3, 2019.
             Was a Follower of Trog.
             Got out of the dungeon alive.
             The game lasted 00:00:34 (335 turns).

Morenatsu the Skirmisher (Demonspawn Berserker)      Turns: 335, Time: 00:00:34

Health: 16/24      AC:  2    Str: 17    XL:     2   Next: 6%
Magic:  2/2        EV: 12    Int:  8    God:    Trog [*.....]
Gold:   0          SH:  0    Dex: 12    Spells: 1/1 levels left

rFire    . . .     SeeInvis .   a - +0 mace
rCold    . . .     Gourm    .   (no shield)
rNeg     . . .     Faith    .   b - +0 animal skin
rPois    .         Spirit   +   (no helmet)
rElec    .         Reflect  .   (no cloak)
rCorr    .         Harm     .   (no gloves)
MR       .....                  (no boots)
Stlth    +.........             (no amulet)
HPRegen  0.08/turn              (no ring)
MPRegen  0.08/turn              (no ring)

@: no status effects
A: magic shield
a: Berserk, Renounce Religion


You escaped.
You worshipped Trog.
Trog was aware of your devotion.
You were not hungry.

You visited 1 branch of the dungeon, and saw 1 of its levels.

Inventory:

Hand Weapons
 a - a +0 mace (weapon)
Armour
 b - a +0 animal skin (worn)
Scrolls
 e - a scroll of amnesia {unknown}
 f - a scroll of blinking {unknown}
Potions
 d - a potion of agility {unknown}
Comestibles
 c - 2 rations


   Skills:
 - Level 3.1 Fighting
 + Level 3.1 Maces & Flails
 - Level 1.8 Armour
 - Level 1.8 Dodging


You had one spell level left.
You didn't know any spells.
Your spell library was empty.

Dungeon Overview and Level Annotations

Branches:
Dungeon (1/15)

Altars:


Innate Abilities, Weirdness & Mutations

When hurt, damage is shared between your health and your magic reserves.


Message History

The kobold hits you with a +0 short sword.
The goblin barely misses you.
You sock the goblin!
You kill the goblin!
Trog accepts your kill. The kobold barely misses you.
The kobold hits you with a +0 short sword.
You hit the kobold but do no damage.
The kobold hits you with a +0 short sword.
You thump the kobold!
You kill the kobold!
Trog accepts your kill.
No target in view!
No target in view!
There is an open door here.
Magic restored.
There is an open door here.
There is a staircase leading out of the dungeon here.
Are you sure you want to leave the Dungeon?
This will make you lose the game!
You have escaped!

...........##
######.....
##.......###♣♣♣# ##....
#...........(.# ####.
######........# #.
#........#### #.
#...#♣......♣♣# ##
#...#♣♣♣♣.....#
..######...########..#
#..........##@....'..#
#..........##...###..##
#.......#.###...'<#...#
#.#######.#
#..####.≈≈≈≈. # #.#
#### ≈≈≈≈8≈≈≈ #.#
≈≈.≈.8≈≈≈ #.# ≈≈≈.8≈≈≈♣
#..#####'## ♣♣♣≈≈≈≈♣♣♣
........).# #


There were no monsters in sight!

Vanquished Creatures
  A bat (D:1)
  A giant cockroach (D:1)
  2 goblins (D:1)
  3 kobolds (D:1)
  2 frilled lizards (D:1)
  A rat (D:1)
10 creatures vanquished.

Vanquished Creatures (others)
  3 toadstools (D:1)
3 creatures vanquished.

Grand Total: 13 creatures vanquished

Notes
Turn   | Place    | Note
-------+----------+-------------------------------------------
     0 | D:1      | Morenatsu the Demonspawn Berserker began the quest for the
                  | Orb.
     0 | D:1      | Reached XP level 1. HP: 18/18 MP: 1/1
   301 | D:1      | Gained mutation: When hurt, damage is shared between your
                  | health and your magic reserves. [demonic ancestry]
   301 | D:1      | Reached XP level 2. HP: 24/24 MP: 2/2
   335 | D:$      | Got out of the dungeon alive.

Vault maps used:
D:1:      sevenhm_arrival_forest_fort_small_5, minmay_gold_behind_fungi,
          st_stairs_9, minmay_pentomino_q4

Skill      XL: |  1 |
---------------+----+-----
Maces & Flails | 3 |  3.1
Fighting       | |  3.1
Armour         | |  1.8
Dodging        | |  1.8

Action                   || total
-------------------------++-------
Melee: Mace              ||    29
Armor: Animal skin       ||     8
Dodge: Dodged            ||    21

Table legend:
 A = Non-vault XP
 B = Vault XP
 C = Vault XP percentage of total XP
 D = Non-vault monster count
 E = Vault monster count
 F = Vault count percentage of total count
                 A         B        C        D         E       F
            +---------+---------+-------+---------+---------+-------
      Total |      14 |       0 |   0.0 |      10 |       0 |   0.0
            +---------+---------+-------+---------+---------+-------
        D:1 |      14 |       0 |   0.0 |      10 |       0 |   0.0
            +---------+---------+-------+---------+---------+-------
